 Dungeon Crawl Stone Soup version 0.16-a0-3641-g71d4c1b (webtiles) character file.

118 WateryHell the Skirmisher (level 4, -3/40 HPs)
             Began as a Draconian Berserker on Apr 2, 2015.
             Was a Believer of Trog.
             Slain by an orc
             ... wielding a +0 mace
              (8 damage)
             ... on level 3 of the Dungeon.
             The game lasted 00:08:54 (2553 turns).

WateryHell the Skirmisher (Draconian Berserker)     Turns: 2553, Time: 00:08:54

Health: -3/40      AC:  5    Str: 20    XL:     4   Next: 72%
Magic:  4/4        EV: 13    Int:  8    God:    Trog [**....]
Gold:   101        SH:  0    Dex: 10    Spells: 0 memorised, 3 levels left

rFire  . . .     SeeInvis .     j - +3 spear
rCold  . . .     Clarity  .     (armour unavailable)
rNeg   . . .     SustAb   .     (no shield)
rPois  .         Gourm    .     (helmet restricted)
rElec  .         Spirit   .     (no cloak)
rCorr  .         Warding  .     (no gloves)
rMut   .         Stasis   .     (no boots)
MR     .....                    (no amulet)
Stlth  +.........               (no ring)
                                (no ring)

@: not resistant to hostile enchantments, very unstealthy
A: unfitting armour, cold-blooded, AC +5
a: Burn Spellbooks, Berserk, Trog's Hand, Renounce Religion


You were on level 3 of the Dungeon.
You worshipped Trog.
Trog was pleased with you.
You were not hungry.

You visited 1 branch of the dungeon, and saw 3 of its levels.

You collected 101 gold pieces.

Inventory:

Hand weapons
 a - a +0 falchion
 j - a +3 spear (weapon)
 k - a +0 trident
Jewellery
 c - a cursed ring of loudness {unknown}
 l - a +2 ring of intelligence {unknown}
 p - an uncursed ring of ice {unknown}
Scrolls
 m - a scroll of teleportation {unknown}
 n - 2 scrolls of enchant weapon
 r - a scroll of remove curse {unknown}
 t - a scroll of random uselessness {unknown}
 u - a scroll of recharging {unknown}
Potions
 b - a potion of mutation {unknown}
 d - a potion of magic {unknown}
 e - a potion of resistance {unknown}
 f - a potion of ambrosia {unknown}
 g - 4 potions of brilliance
 h - 2 potions of cancellation
 i - a potion of agility {unknown}
 o - a potion of restore abilities {unknown}
 s - a potion of heal wounds {unknown}
Comestibles
 q - a bread ration


   Skills:
 + Level 4.2 Fighting
 + Level 3.3 Long Blades
 + Level 1.3 Polearms
 + Level 3.9 Dodging
 + Level 0.4 Stealth


You had 3 spell levels left.
You didn't know any spells.

Dungeon Overview and Level Annotations

Branches:
Dungeon (3/15)

Altars:
Cheibriados
Elyvilon
Kikubaaqudgha
Okawaru
Pakellas


Innate Abilities, Weirdness & Mutations

Your plain brown scales are hard (AC +5).
Your body does not fit into most forms of armour.
Your cold-blooded metabolism reacts poorly to cold.


Message History

The orc hits you but does no damage. The orc hits you but does no damage.
An orc comes into view. It is wielding a morningstar.
The orc shouts!
You see here a dagger.
An adder comes into view.
The orc hits you with a mace.
* * * LOW HITPOINT WARNING * * *
The adder bites you but does no damage.
You hit the adder.
The adder is heavily wounded.
The adder closely misses you. The orc hits you with a mace.
* * * LOW HITPOINT WARNING * * *
You closely miss the adder.
The adder is heavily wounded.
The adder barely misses you. The orc barely misses you.
You miss the adder.
The adder is heavily wounded.
The adder barely misses you. The orc hits you with a mace!
You die...

.# #.......# .# #...#...#
.# #...##### .##########
#...# ......o...# #...#
.########.# #...#
.########.###...#
.).............o#######.#
##############.o@S......#
############


You could see an adder and 2 orcs.

Vanquished Creatures
  An orc wizard (D:3)
  2 adders (D:2)
  A giant mite (D:2)
  An ooze (D:3)
  3 orcs (D:3)
  9 bats
  3 giant cockroaches
  4 goblins
  6 hobgoblins
  6 jackals
  10 kobolds
  4 giant newts
  16 rats
66 creatures vanquished.

Notes
Turn   | Place    | Note
--------------------------------------------------------------
     0 | D:1      | WateryHell, the Draconian Berserker, began the quest for the Orb.
     0 | D:1      | Reached XP level 1. HP: 19/19 MP: 1/1
   148 | D:1      | Reached XP level 2. HP: 21/26 MP: 2/2
   920 | D:1      | Acquired Trog's second power
   955 | D:2      | Reached skill level 4 in Fighting
   958 | D:2      | Reached XP level 3. HP: 30/33 MP: 3/3
  1461 | D:2      | Found an oddly glowing altar of Pakellas.
  1481 | D:2      | Found an ancient bone altar of Kikubaaqudgha.
  1481 | D:2      | Found a snail-covered altar of Cheibriados.
  1542 | D:2      | Found an iron altar of Okawaru.
  1821 | D:2      | Reached XP level 4. HP: 30/40 MP: 4/4
  2118 | D:3      | Found a white marble altar of Elyvilon.
  2479 | D:3      | Reached skill level 1 in Polearms
  2486 | D:3      | HP: 1/40 [orc/mace (4)]
  2553 | D:3      | Slain by an orc

Action                   |  1- 3 |  4- 6 || total
-------------------------+-------+-------++-------
Melee: Falchion          |    63 |       ||    63
       Spear             |    86 |    66 ||   152
Invok: Berserk           |     1 |       ||     1
  Use: Scroll            |     4 |     3 ||     7
  Eat: Bread ration      |     1 |       ||     1
       Meat ration       |       |     1 ||     1
